2391 views
Uploaded 2022-01-13 19:25:34
Game version 1.32.10
30:25 long 4on4 ladder game on (8)Sanctuary_LV
Saved by xzz
2391 views
Uploaded 2022-01-13 19:25:34
Game version 1.32.10
30:25 long 4on4 ladder game on (8)Sanctuary_LV


132 units @ 18k
/ 2.8k
133 buildings @ 15.6k
/ 7.6k

| Healing Salve | 6 | 600 |
| Potion of Mana | 2 | 400 |
| Scroll of Speed | 1 | 50 |
| Lesser Clarity Potion | 5 | 350 |
| Scroll of Town Portal | 4 | 1400 |
| Scroll of Regeneration | 3 | 300 |
| total: | 21 | 3100g |
| Peon | 7 | 525 | / | 0 |
| Grunt | 3 | 600 | / | 0 |
| Troll Headhunter | 6 | 840 | / | 120 |
| Wind Rider | 8 | 2120 | / | 320 |
| Troll Berserker | 8 | 1120 | / | 160 |
| Goblin Shredder | 2 | 750 | / | 200 |
| Forest Troll High Priest | 1 | 305 | / | 40 |
| total: | 35 | 6260g | / | 840w |
| Watch Tower | 14 | 1540 | / | 1120 |
| Orc Burrow | 7 | 1120 | / | 280 |
| Altar of Storms | 1 | 180 | / | 50 |
| Barracks | 2 | 360 | / | 100 |
| Voodoo Lounge | 1 | 130 | / | 30 |
| War Mill | 1 | 205 | / | 0 |
| Great Hall | 2 | 770 | / | 370 |
| Beastiary | 2 | 290 | / | 280 |
| Stronghold | 1 | 315 | / | 190 |
| Fortress | 1 | 325 | / | 190 |
| total: | 30 | 4595g | / | 2230w |
| 0:03 | Peon |
| 0:03 | Peon |
| 0:06 | Orc Burrow |
| 0:09 | Altar of Storms |
| 0:44 | Peon |
| 0:48 | Barracks |
| 1:01 | Peon |
| 1:23 | Orc Burrow |
| 1:44 | Voodoo Lounge |
| 1:54 | Grunt |
| 2:18 | Serpent Ward |
| 2:30 | Grunt |
| 2:39 | War Mill |
| 3:07 | Grunt |
| 3:12 | Orc Burrow |
| 3:25 | Healing Salve |
| 4:12 | Troll Headhunter |
| 4:13 | Peon |
| 4:20 | Hex |
| 4:41 | Peon |
| 4:42 | Peon |
| 4:48 | Great Hall |
| 4:54 | Troll Headhunter |
| 5:51 | Stronghold |
| 5:53 | Troll Headhunter |
| 5:53 | Troll Headhunter |
| 6:00 | Serpent Ward |
| 6:16 | Healing Salve |
| 6:21 | Healing Salve |
| 6:44 | Steel Armor |
| 6:51 | Troll Headhunter |
| 6:53 | Orc Burrow |
| 7:40 | Goblin Shredder |
| 8:16 | Beastiary |
| 8:18 | Beastiary |
| 8:22 | Healing Salve |
| 8:41 | Hex |
| 8:53 | Potion of Mana |
| 9:02 | Scroll of Speed |
| 9:26 | Wind Rider |
| 9:36 | Scroll of Town Portal |
| 9:42 | Lesser Clarity Potion |
| 11:24 | Wind Rider |
| 11:26 | Fortress |
| 11:28 | Orc Burrow |
| 11:31 | Goblin Shredder |
| 11:39 | Scroll of Regeneration |
| 11:42 | Lesser Clarity Potion |
| 11:44 | Scroll of Regeneration |
| 11:48 | Scroll of Town Portal |
| 12:26 | Hex |
| 12:28 | Lesser Clarity Potion |
| 12:32 | Wind Rider |
| 12:37 | Wind Rider |
| 12:38 | Troll Headhunter |
| 12:41 | Steel Ranged Weapons |
| 14:04 | Forest Troll High Priest |
| 14:13 | Envenomed Spears |
| 14:14 | Berserker Upgrade |
| 14:15 | Troll Regeneration |
| 14:17 | Reinforced Defenses |
| 15:30 | Big Bad Voodoo |
| 15:55 | Wind Rider |
| 15:56 | Troll Berserker |
| 15:59 | Barracks |
| 16:41 | Troll Berserker |
| 16:41 | Troll Berserker |
| 16:42 | Wind Rider |
| 16:44 | Thorium Armor |
| 16:45 | Spiked Barricades |
| 17:02 | Serpent Ward |
| 17:48 | Orc Burrow |
| 17:50 | Orc Burrow |
| 18:20 | Arcanite Armor |
| 18:23 | Thorium Ranged Weapons |
| 18:27 | Watch Tower |
| 18:27 | Watch Tower |
| 18:27 | Watch Tower |
| 18:28 | Watch Tower |
| 18:28 | Watch Tower |
| 18:29 | Watch Tower |
| 19:41 | Wind Rider |
| 19:43 | Troll Berserker |
| 19:47 | Healing Salve |
| 19:47 | Healing Salve |
| 19:56 | Potion of Mana |
| 19:58 | Lesser Clarity Potion |
| 20:00 | Scroll of Town Portal |
| 21:29 | Great Hall |
| 21:33 | Watch Tower |
| 21:33 | Watch Tower |
| 21:58 | Troll Berserker |
| 22:10 | Arcanite Ranged Weapons |
| 23:24 | Healing Wave |
| 23:51 | Healing Wave |
| 24:06 | Wind Rider |
| 24:08 | Troll Berserker |
| 24:10 | Troll Berserker |
| 24:14 | Improved Spiked Barricades |
| 24:52 | Troll Berserker |
| 26:05 | Watch Tower |
| 26:07 | Watch Tower |
| 26:07 | Watch Tower |
| 26:07 | Watch Tower |
| 26:08 | Watch Tower |
| 26:09 | Watch Tower |
| 29:15 | Scroll of Town Portal |
| 29:16 | Lesser Clarity Potion |
| 29:19 | Scroll of Regeneration |
| Right click | 804 |
| Select | 339 |
| Select group | 258 |
| Chat | 231 |
| Build/train/purchase | 103 |
| Use ability | 76 |
| Assign group | 36 |
| Misc. action | 14 |
| Item give/drop | 6 |
| Minimap ping | 3 |

| Scroll of Regeneration | 5 | 500 |
| Lesser Clarity Potion | 5 | 350 |
| Mechanical Critter | 2 | 100 |
| Potion of Healing | 3 | 450 |
| Potion of Mana | 1 | 200 |
| Orb of Fire | 1 | 325 |
| Scroll of Town Portal | 4 | 1400 |
| Boots of Speed | 1 | 250 |
| Potion of Invisibility | 1 | 100 |
| Potion of Lesser Invulnerability | 1 | 150 |
| total: | 24 | 3825g |
| Peasant | 22 | 1650 | / | 0 |
| Flying Machine | 6 | 600 | / | 180 |
| Siege Engine | 3 | 585 | / | 180 |
| Goblin Shredder | 2 | 750 | / | 200 |
| total: | 33 | 3585g | / | 560w |
| Scout Tower | 20 | 600 | / | 400 |
| Arcane Tower | 2 | 140 | / | 100 |
| Guard Tower | 8 | 560 | / | 400 |
| Altar of Kings | 1 | 180 | / | 50 |
| Farm | 11 | 880 | / | 220 |
| Lumber Mill | 1 | 120 | / | 0 |
| Arcane Vault | 1 | 130 | / | 30 |
| Town Hall | 3 | 1155 | / | 615 |
| Blacksmith | 5 | 700 | / | 300 |
| Cannon Tower | 2 | 240 | / | 200 |
| Workshop | 3 | 420 | / | 420 |
| Keep | 1 | 320 | / | 210 |
| Castle | 1 | 360 | / | 210 |
| total: | 45 | 4185g | / | 2035w |
| 0:03 | Peasant |
| 0:03 | Peasant |
| 0:11 | Altar of Kings |
| 0:16 | Farm |
| 0:17 | Peasant |
| 0:23 | Lumber Mill |
| 0:28 | Peasant |
| 0:50 | Scout Tower |
| 0:52 | Peasant |
| 1:05 | Peasant |
| 1:17 | Farm |
| 1:20 | Arcane Tower |
| 1:24 | Peasant |
| 1:28 | Improved Lumber Harvesting |
| 1:43 | Arcane Vault |
| 1:54 | Peasant |
| 1:57 | Peasant |
| 2:16 | Flame Strike |
| 2:25 | Peasant |
| 2:25 | Peasant |
| 2:29 | Scout Tower |
| 3:16 | Siphon Mana |
| 3:31 | Town Hall |
| 3:43 | Scout Tower |
| 3:45 | Scout Tower |
| 4:05 | Guard Tower |
| 4:23 | Scout Tower |
| 4:26 | Scroll of Regeneration |
| 4:27 | Lesser Clarity Potion |
| 4:29 | Scroll of Regeneration |
| 4:29 | Lesser Clarity Potion |
| 4:30 | Mechanical Critter |
| 4:30 | Mechanical Critter |
| 4:54 | Blacksmith |
| 4:56 | Farm |
| 4:58 | Peasant |
| 5:19 | Peasant |
| 5:19 | Peasant |
| 6:06 | Scroll of Regeneration |
| 6:06 | Lesser Clarity Potion |
| 7:06 | Guard Tower |
| 7:17 | Keep |
| 7:19 | Improved Masonry |
| 7:29 | Scroll of Regeneration |
| 8:11 | Scout Tower |
| 8:13 | Scout Tower |
| 8:18 | Scout Tower |
| 8:38 | Blacksmith |
| 9:10 | Guard Tower |
| 9:13 | Guard Tower |
| 9:39 | Flame Strike |
| 9:56 | Scout Tower |
| 10:08 | Potion of Healing |
| 10:10 | Potion of Mana |
| 10:10 | Scroll of Town Portal |
| 10:19 | Peasant |
| 10:19 | Peasant |
| 10:19 | Peasant |
| 10:20 | Peasant |
| 10:27 | Workshop |
| 10:55 | Workshop |
| 10:59 | Farm |
| 11:30 | Farm |
| 11:33 | Farm |
| 11:45 | Flak Cannons |
| 11:46 | Flying Machine |
| 11:49 | Workshop |
| 12:04 | Goblin Shredder |
| 12:17 | Advanced Masonry |
| 12:18 | Peasant |
| 12:18 | Peasant |
| 12:52 | Scroll of Town Portal |
| 13:18 | Scout Tower |
| 13:21 | Scout Tower |
| 13:25 | Peasant |
| 13:25 | Peasant |
| 13:45 | Flying Machine |
| 13:49 | Farm |
| 13:52 | Farm |
| 13:59 | Siphon Mana |
| 14:11 | Guard Tower |
| 14:15 | Scout Tower |
| 14:21 | Boots of Speed |
| 14:30 | Potion of Invisibility |
| 14:49 | Guard Tower |
| 14:57 | Town Hall |
| 15:02 | Town Hall |
| 15:07 | Flying Machine |
| 15:08 | Black Gunpowder |
| 16:04 | Flying Machine |
| 16:09 | Castle |
| 16:16 | Blacksmith |
| 16:18 | Blacksmith |
| 16:20 | Blacksmith |
| 16:22 | Scout Tower |
| 16:24 | Scout Tower |
| 16:25 | Scout Tower |
| 16:26 | Scout Tower |
| 16:27 | Scout Tower |
| 16:28 | Scout Tower |
| 16:29 | Scout Tower |
| 16:30 | Scout Tower |
| 16:38 | Flying Machine |
| 16:41 | Farm |
| 16:42 | Farm |
| 16:42 | Farm |
| 16:50 | Potion of Healing |
| 16:54 | Lesser Clarity Potion |
| 17:36 | Flying Machine |
| 18:08 | Cannon Tower |
| 18:09 | Guard Tower |
| 18:10 | Cannon Tower |
| 18:57 | Guard Tower |
| 19:01 | Arcane Tower |
| 19:04 | Flame Strike |
| 19:21 | Flying Machine Bombs |
| 19:39 | Imbued Masonry |
| 20:01 | Barrage |
| 20:01 | Siege Engine |
| 20:47 | Summon Phoenix |
| 21:12 | Scroll of Town Portal |
| 21:20 | Siege Engine |
| 21:22 | Refined Gunpowder |
| 21:23 | Iron Plating |
| 21:25 | Scroll of Regeneration |
| 21:27 | Potion of Healing |
| 21:29 | Lesser Clarity Potion |
| 21:31 | Orb of Fire |
| 21:32 | Scroll of Town Portal |
| 22:15 | Potion of Lesser Invulnerability |
| 22:28 | Steel Plating |
| 22:30 | Siege Engine |
| 23:23 | Siphon Mana |
| 23:59 | Goblin Shredder |
| Assign group | 7063 |
| Right click | 591 |
| Select | 227 |
| Select group | 217 |
| Build/train/purchase | 118 |
| Chat | 107 |
| Use ability | 27 |
| Misc. action | 9 |
| Minimap ping | 5 |
| Esc | 4 |
| Item give/drop | 3 |

| Scroll of Regeneration | 8 | 800 |
| Lesser Clarity Potion | 3 | 210 |
| Potion of Healing | 1 | 150 |
| Staff of Sanctuary | 1 | 250 |
| total: | 13 | 1410g |
| Peasant | 14 | 1050 | / | 0 |
| Footman | 5 | 675 | / | 0 |
| Rifleman | 8 | 1640 | / | 240 |
| Mortar Team | 3 | 540 | / | 210 |
| Flying Machine | 9 | 900 | / | 270 |
| Goblin Shredder | 1 | 375 | / | 100 |
| total: | 40 | 5180g | / | 820w |
| Scout Tower | 14 | 420 | / | 280 |
| Arcane Tower | 3 | 210 | / | 150 |
| Guard Tower | 7 | 490 | / | 350 |
| Altar of Kings | 1 | 180 | / | 50 |
| Farm | 10 | 800 | / | 200 |
| Barracks | 2 | 320 | / | 120 |
| Arcane Vault | 2 | 260 | / | 60 |
| Lumber Mill | 1 | 120 | / | 0 |
| Town Hall | 3 | 1155 | / | 615 |
| Blacksmith | 1 | 140 | / | 60 |
| Workshop | 3 | 420 | / | 420 |
| Keep | 1 | 320 | / | 210 |
| Castle | 1 | 360 | / | 210 |
| total: | 37 | 3815g | / | 1805w |
| 0:04 | Peasant |
| 0:05 | Peasant |
| 0:05 | Peasant |
| 0:05 | Peasant |
| 0:05 | Peasant |
| 0:22 | Altar of Kings |
| 0:26 | Farm |
| 0:26 | Farm |
| 0:42 | Barracks |
| 1:00 | Peasant |
| 1:14 | Peasant |
| 1:15 | Peasant |
| 1:15 | Peasant |
| 1:43 | Farm |
| 1:45 | Scout Tower |
| 1:50 | Peasant |
| 1:52 | Footman |
| 1:58 | Footman |
| 2:13 | Arcane Tower |
| 2:27 | Footman |
| 2:28 | Flame Strike |
| 2:41 | Farm |
| 2:42 | Footman |
| 2:57 | Arcane Vault |
| 3:03 | Peasant |
| 3:13 | Footman |
| 3:22 | Peasant |
| 3:48 | Siphon Mana |
| 3:51 | Peasant |
| 3:51 | Peasant |
| 4:02 | Lumber Mill |
| 4:45 | Town Hall |
| 4:47 | Town Hall |
| 4:48 | Scout Tower |
| 4:50 | Scout Tower |
| 4:53 | Flame Strike |
| 5:00 | Blacksmith |
| 5:10 | Keep |
| 5:13 | Scroll of Regeneration |
| 5:13 | Scroll of Regeneration |
| 5:20 | Arcane Tower |
| 5:34 | Guard Tower |
| 6:09 | Goblin Shredder |
| 6:16 | Farm |
| 7:00 | Rifleman |
| 7:02 | Barracks |
| 7:07 | Black Gunpowder |
| 7:07 | Studded Leather Armor |
| 7:08 | Iron Plating |
| 7:09 | Improved Lumber Harvesting |
| 7:10 | Improved Masonry |
| 7:16 | Scroll of Regeneration |
| 7:17 | Lesser Clarity Potion |
| 7:29 | Rifleman |
| 7:32 | Long Rifles |
| 8:13 | Rifleman |
| 8:50 | Rifleman |
| 9:02 | Castle |
| 9:04 | Workshop |
| 9:06 | Workshop |
| 9:09 | Refined Gunpowder |
| 9:09 | Reinforced Leather Armor |
| 9:18 | Scroll of Regeneration |
| 9:19 | Lesser Clarity Potion |
| 10:10 | Rifleman |
| 10:36 | Farm |
| 10:38 | Farm |
| 10:41 | Workshop |
| 10:52 | Rifleman |
| 10:58 | Flare |
| 10:58 | Flak Cannons |
| 10:59 | Steel Plating |
| 11:14 | Siphon Mana |
| 11:27 | Fragmentation Shards |
| 11:27 | Barrage |
| 11:37 | Farm |
| 12:14 | Flame Strike |
| 12:30 | Scout Tower |
| 12:34 | Farm |
| 12:35 | Farm |
| 12:37 | Mortar Team |
| 12:37 | Mortar Team |
| 12:40 | Imbued Gunpowder |
| 12:54 | Scroll of Regeneration |
| 12:58 | Scroll of Regeneration |
| 13:01 | Lesser Clarity Potion |
| 13:24 | Guard Tower |
| 13:27 | Flying Machine |
| 13:28 | Flying Machine |
| 13:38 | Scout Tower |
| 13:49 | Advanced Masonry |
| 13:49 | Advanced Lumber Harvesting |
| 13:51 | Dragonhide Armor |
| 14:13 | Flying Machine |
| 15:15 | Rifleman |
| 15:17 | Flying Machine |
| 15:36 | Summon Phoenix |
| 16:10 | Flying Machine Bombs |
| 16:26 | Siphon Mana |
| 16:38 | Flying Machine |
| 16:40 | Mithril Plating |
| 17:22 | Guard Tower |
| 17:27 | Scout Tower |
| 17:28 | Scout Tower |
| 17:29 | Scout Tower |
| 17:30 | Scout Tower |
| 17:30 | Scout Tower |
| 17:32 | Scout Tower |
| 18:10 | Guard Tower |
| 18:12 | Arcane Vault |
| 19:22 | Banish |
| 19:32 | Scout Tower |
| 19:35 | Guard Tower |
| 19:43 | Rifleman |
| 19:43 | Flying Machine |
| 20:03 | Potion of Healing |
| 20:05 | Scroll of Regeneration |
| 20:48 | Guard Tower |
| 20:56 | Town Hall |
| 21:02 | Staff of Sanctuary |
| 21:02 | Scroll of Regeneration |
| 22:05 | Scout Tower |
| 22:06 | Scout Tower |
| 22:24 | Imbued Masonry |
| 22:28 | Backpack |
| 22:32 | Arcane Tower |
| 23:12 | Flying Machine |
| 23:12 | Flying Machine |
| 23:12 | Flying Machine |
| 23:27 | Mortar Team |
| 23:44 | Banish |
| 23:50 | Guard Tower |
| Select group | 1248 |
| Right click | 1057 |
| Select | 314 |
| Chat | 119 |
| Build/train/purchase | 112 |
| Use ability | 76 |
| Assign group | 41 |
| Item give/drop | 6 |
| Misc. action | 5 |
| Esc | 4 |
| Minimap ping | 2 |
| Remove unit | 1 |

| Healing Salve | 1 | 100 |
| Potion of Mana | 1 | 200 |
| Potion of Healing | 1 | 150 |
| total: | 3 | 450g |
| Peon | 10 | 750 | / | 0 |
| Troll Batrider | 14 | 2240 | / | 560 |
| total: | 24 | 2990g | / | 560w |
| Watch Tower | 7 | 770 | / | 560 |
| Altar of Storms | 1 | 180 | / | 50 |
| Orc Burrow | 7 | 1120 | / | 280 |
| War Mill | 1 | 205 | / | 0 |
| Voodoo Lounge | 1 | 130 | / | 30 |
| Spirit Lodge | 2 | 300 | / | 300 |
| Beastiary | 2 | 290 | / | 280 |
| Stronghold | 7 | 2205 | / | 1330 |
| Fortress | 1 | 325 | / | 190 |
| total: | 21 | 2995g | / | 1500w |
| 0:02 | Peon |
| 0:03 | Peon |
| 0:07 | Altar of Storms |
| 0:19 | Orc Burrow |
| 0:25 | Peon |
| 0:25 | Peon |
| 0:49 | War Mill |
| 0:57 | Peon |
| 1:03 | Peon |
| 1:21 | Peon |
| 1:56 | Stronghold |
| 2:05 | Voodoo Lounge |
| 2:10 | Feral Spirit |
| 2:23 | Orc Burrow |
| 2:48 | Orc Burrow |
| 3:23 | Orc Burrow |
| 3:57 | Far Sight |
| 4:19 | Spirit Lodge |
| 4:22 | Healing Salve |
| 4:54 | Fortress |
| 5:39 | Beastiary |
| 5:41 | Shaman Adept Training |
| 6:07 | Spirit Lodge |
| 6:13 | Far Sight |
| 6:29 | Beastiary |
| 6:31 | Steel Ranged Weapons |
| 6:31 | Steel Armor |
| 6:56 | Orc Burrow |
| 7:17 | Liquid Fire |
| 7:38 | Troll Batrider |
| 7:39 | Troll Batrider |
| 8:40 | Potion of Mana |
| 8:43 | Feral Spirit |
| 8:47 | Potion of Healing |
| 9:01 | Troll Batrider |
| 9:02 | Troll Batrider |
| 9:20 | Orc Burrow |
| 9:23 | Orc Burrow |
| 9:31 | Peon |
| 9:45 | Watch Tower |
| 10:00 | Troll Batrider |
| 10:05 | Peon |
| 10:06 | Peon |
| 10:33 | Troll Batrider |
| 10:41 | Troll Batrider |
| 11:09 | Troll Batrider |
| 11:14 | Troll Batrider |
| 11:43 | Troll Batrider |
| 12:07 | Watch Tower |
| 12:10 | Spiked Barricades |
| 12:29 | Troll Batrider |
| 14:01 | Troll Batrider |
| 14:01 | Troll Batrider |
| 14:04 | Watch Tower |
| 14:14 | Feral Spirit |
| 14:27 | Watch Tower |
| 14:48 | Reinforced Defenses |
| 14:53 | Watch Tower |
| 14:57 | Watch Tower |
| 15:02 | Watch Tower |
| 15:05 | Troll Batrider |
| Right click | 366 |
| Select group | 230 |
| Select | 204 |
| Build/train/purchase | 67 |
| Use ability | 23 |
| Misc. action | 11 |
| Chat | 7 |
| Assign group | 6 |
| Item give/drop | 1 |
127 units @ 17.6k
/ 2.7k
94 buildings @ 14.6k
/ 5.9k


| Scroll of Regeneration | 4 | 400 |
| Lesser Clarity Potion | 4 | 280 |
| Potion of Healing | 3 | 450 |
| Potion of Mana | 2 | 400 |
| Scroll of Town Portal | 3 | 1050 |
| Orb of Lightning | 1 | 375 |
| Tiny Great Hall | 1 | 600 |
| Healing Salve | 1 | 100 |
| total: | 19 | 3655g |
| Peasant | 14 | 1050 | / | 0 |
| Rifleman | 4 | 820 | / | 120 |
| Flying Machine | 7 | 700 | / | 210 |
| Mortar Team | 1 | 180 | / | 70 |
| Goblin Zeppelin | 2 | 480 | / | 120 |
| Goblin Shredder | 1 | 375 | / | 100 |
| Dryad | 5 | 725 | / | 300 |
| Peon | 5 | 375 | / | 0 |
| total: | 39 | 4705g | / | 920w |
| Scout Tower | 6 | 180 | / | 120 |
| Arcane Tower | 2 | 140 | / | 100 |
| Guard Tower | 1 | 70 | / | 50 |
| Lumber Mill | 2 | 240 | / | 0 |
| Farm | 11 | 880 | / | 220 |
| Blacksmith | 1 | 140 | / | 60 |
| Barracks | 1 | 160 | / | 60 |
| Altar of Kings | 1 | 180 | / | 50 |
| Town Hall | 1 | 385 | / | 205 |
| Arcane Vault | 1 | 130 | / | 30 |
| Cannon Tower | 1 | 120 | / | 100 |
| Workshop | 4 | 560 | / | 560 |
| Keep | 1 | 320 | / | 210 |
| Castle | 1 | 360 | / | 210 |
| Watch Tower | 2 | 220 | / | 160 |
| Orc Burrow | 1 | 160 | / | 40 |
| Great Hall | 2 | 770 | / | 370 |
| total: | 33 | 4005g | / | 1875w |
| 0:02 | Peasant |
| 0:02 | Peasant |
| 0:24 | Peasant |
| 0:37 | Peasant |
| 0:46 | Peasant |
| 0:51 | Lumber Mill |
| 0:57 | Peasant |
| 1:03 | Farm |
| 1:15 | Peasant |
| 1:19 | Blacksmith |
| 1:32 | Peasant |
| 1:35 | Barracks |
| 1:50 | Farm |
| 1:57 | Peasant |
| 2:05 | Altar of Kings |
| 2:21 | Peasant |
| 2:21 | Peasant |
| 2:21 | Peasant |
| 2:26 | Farm |
| 2:38 | Rifleman |
| 2:56 | Improved Lumber Harvesting |
| 2:58 | Rifleman |
| 3:11 | Farm |
| 3:35 | Rifleman |
| 3:36 | Studded Leather Armor |
| 3:57 | Rifleman |
| 4:09 | Flame Strike |
| 5:12 | Siphon Mana |
| 5:24 | Town Hall |
| 5:35 | Arcane Vault |
| 5:37 | Farm |
| 5:38 | Keep |
| 6:40 | Advanced Lumber Harvesting |
| 6:43 | Scroll of Regeneration |
| 6:43 | Lesser Clarity Potion |
| 6:46 | Scroll of Regeneration |
| 6:46 | Scroll of Regeneration |
| 7:04 | Flame Strike |
| 7:33 | Farm |
| 7:35 | Black Gunpowder |
| 7:44 | Lumber Mill |
| 8:43 | Goblin Zeppelin |
| 8:48 | Scout Tower |
| 8:51 | Scout Tower |
| 8:52 | Farm |
| 8:55 | Scout Tower |
| 9:08 | Farm |
| 9:11 | Castle |
| 9:44 | Siphon Mana |
| 10:44 | Goblin Zeppelin |
| 10:48 | Arcane Tower |
| 10:51 | Workshop |
| 10:54 | Workshop |
| 10:56 | Potion of Healing |
| 10:56 | Lesser Clarity Potion |
| 10:56 | Potion of Mana |
| 11:03 | Scroll of Regeneration |
| 11:05 | Potion of Mana |
| 11:06 | Scroll of Town Portal |
| 11:15 | Scout Tower |
| 12:23 | Flying Machine |
| 12:23 | Flak Cannons |
| 12:28 | Scout Tower |
| 12:30 | Arcane Tower |
| 12:33 | Workshop |
| 12:37 | Goblin Shredder |
| 12:54 | Holy Light |
| 13:07 | Orb of Lightning |
| 13:08 | Scroll of Town Portal |
| 13:09 | Tiny Great Hall |
| 13:29 | Flying Machine |
| 13:31 | Guard Tower |
| 13:36 | Flying Machine |
| 13:58 | Lesser Clarity Potion |
| 13:58 | Healing Salve |
| 14:10 | Farm |
| 14:12 | Fragmentation Shards |
| 14:13 | Mortar Team |
| 14:16 | Scout Tower |
| 14:21 | Lesser Clarity Potion |
| 14:37 | Flying Machine |
| 14:41 | Workshop |
| 14:43 | Cannon Tower |
| 15:26 | Flying Machine |
| 15:47 | Potion of Healing |
| 15:48 | Scroll of Town Portal |
| 15:55 | Flying Machine |
| 15:55 | Flying Machine |
| 16:05 | Potion of Healing |
| 16:28 | Peasant |
| 16:28 | Peasant |
| 18:06 | Farm |
| 18:25 | Orc Burrow |
| 18:36 | Great Hall |
| 19:15 | Farm |
| 19:25 | Watch Tower |
| 19:32 | Dryad |
| 19:49 | Shaman Adept Training |
| 20:09 | Great Hall |
| 20:26 | Dryad |
| 20:26 | Dryad |
| 20:27 | Abolish Magic |
| 21:31 | Watch Tower |
| 21:48 | Peon |
| 22:01 | Peon |
| 22:01 | Peon |
| 22:01 | Peon |
| 22:14 | Peon |
| 22:38 | Dryad |
| 22:38 | Dryad |
| Right click | 710 |
| Select | 369 |
| Build/train/purchase | 96 |
| Select group | 79 |
| Use ability | 45 |
| Misc. action | 30 |
| Minimap ping | 7 |
| Resource trade | 5 |
| Assign group | 3 |
| Item give/drop | 2 |
| Remove unit | 1 |


| Orb of Venom | 1 | 325 |
| Staff of Preservation | 1 | 150 |
| Lesser Clarity Potion | 2 | 140 |
| Potion of Healing | 2 | 300 |
| Scroll of Town Portal | 1 | 350 |
| total: | 7 | 1265g |
| Wisp | 27 | 1620 | / | 0 |
| Archer | 5 | 650 | / | 50 |
| Mountain Giant | 5 | 1750 | / | 500 |
| Goblin Shredder | 2 | 750 | / | 200 |
| total: | 39 | 4770g | / | 750w |
| Ancient Protector | 4 | 540 | / | 320 |
| Altar of Elders | 1 | 180 | / | 50 |
| Moon Well | 13 | 2340 | / | 520 |
| Ancient of War | 2 | 300 | / | 120 |
| Tree of Life | 2 | 680 | / | 370 |
| Ancient of Wonders | 1 | 90 | / | 30 |
| Hunter's Hall | 1 | 210 | / | 100 |
| Ancient of Lore | 3 | 465 | / | 435 |
| Tree of Ages | 1 | 320 | / | 180 |
| Tree of Eternity | 1 | 330 | / | 200 |
| total: | 27 | 4805g | / | 1945w |
| 0:03 | Wisp |
| 0:03 | Wisp |
| 0:07 | Altar of Elders |
| 0:21 | Moon Well |
| 0:26 | Ancient of War |
| 0:32 | Wisp |
| 0:37 | Wisp |
| 0:37 | Wisp |
| 0:42 | Wisp |
| 0:52 | Wisp |
| 0:57 | Wisp |
| 1:14 | Ancient of War |
| 1:16 | Wisp |
| 1:16 | Wisp |
| 1:16 | Wisp |
| 1:24 | Wisp |
| 1:31 | Wisp |
| 1:44 | Moon Well |
| 1:45 | Wisp |
| 1:46 | Wisp |
| 2:06 | Wisp |
| 2:07 | Wisp |
| 2:12 | Mana Burn |
| 2:53 | Tree of Life |
| 3:18 | Wisp |
| 3:18 | Wisp |
| 3:41 | Tree of Ages |
| 3:45 | Evasion |
| 4:02 | Moon Well |
| 4:05 | Moon Well |
| 4:06 | Archer |
| 4:18 | Archer |
| 4:30 | Moon Well |
| 4:46 | Archer |
| 5:22 | Archer |
| 5:28 | Goblin Shredder |
| 5:45 | Archer |
| 5:52 | Ancient of Wonders |
| 6:10 | Tree of Eternity |
| 6:14 | Mana Burn |
| 6:17 | Hunter's Hall |
| 7:21 | Ancient of Lore |
| 7:25 | Ancient of Lore |
| 7:26 | Ancient of Lore |
| 7:41 | Moon Well |
| 7:43 | Moon Well |
| 7:46 | Moon Well |
| 7:47 | Moon Well |
| 7:51 | Reinforced Hides |
| 7:52 | Strength of the Wild |
| 7:55 | Breath of Fire |
| 8:49 | Hardened Skin |
| 8:49 | Resistant Skin |
| 8:56 | Mountain Giant |
| 9:17 | Wisp |
| 9:17 | Wisp |
| 9:41 | Wisp |
| 10:05 | Goblin Shredder |
| 10:22 | Mountain Giant |
| 10:25 | Improved Reinforced Hides |
| 10:26 | Improved Strength of the Wild |
| 10:38 | Orb of Venom |
| 10:41 | Staff of Preservation |
| 11:10 | Lesser Clarity Potion |
| 11:11 | Lesser Clarity Potion |
| 11:38 | Moon Well |
| 11:40 | Mountain Giant |
| 12:05 | Advanced Reinforced Hides |
| 12:10 | Moon Well |
| 12:14 | Moon Well |
| 13:01 | Drunken Haze |
| 13:06 | Advanced Strength of the Wild |
| 13:12 | Evasion |
| 13:54 | Tree of Life |
| 14:15 | Well Spring |
| 14:16 | Ultravision |
| 14:22 | Moon Well |
| 14:25 | Mountain Giant |
| 14:47 | Breath of Fire |
| 15:04 | Ancient Protector |
| 15:05 | Wisp |
| 15:07 | Ancient Protector |
| 15:08 | Wisp |
| 15:12 | Ancient Protector |
| 15:13 | Ancient Protector |
| 15:51 | Mountain Giant |
| 16:52 | Mana Burn |
| 17:08 | Wisp |
| 17:45 | Potion of Healing |
| 17:54 | Potion of Healing |
| 18:04 | Scroll of Town Portal |
| 18:17 | Wisp |
| 18:19 | Wisp |
| 18:34 | Drunken Haze |
| Select group | 1484 |
| Right click | 744 |
| Select | 515 |
| Misc. action | 302 |
| Assign group | 149 |
| Build/train/purchase | 113 |
| Use ability | 56 |
| Item give/drop | 11 |
| Esc | 11 |
| Minimap ping | 9 |
| Resource trade | 5 |


| Healing Salve | 2 | 200 |
| total: | 2 | 200g |
| Peon | 9 | 675 | / | 0 |
| Grunt | 11 | 2200 | / | 0 |
| Troll Witch Doctor | 4 | 580 | / | 100 |
| total: | 24 | 3455g | / | 100w |
| Watch Tower | 1 | 110 | / | 80 |
| Altar of Storms | 1 | 180 | / | 50 |
| Orc Burrow | 6 | 960 | / | 240 |
| Barracks | 1 | 180 | / | 50 |
| Voodoo Lounge | 1 | 130 | / | 30 |
| War Mill | 1 | 205 | / | 0 |
| Great Hall | 1 | 385 | / | 185 |
| Spirit Lodge | 1 | 150 | / | 150 |
| Stronghold | 1 | 315 | / | 190 |
| Fortress | 1 | 325 | / | 190 |
| total: | 13 | 2300g | / | 785w |
| 0:02 | Peon |
| 0:02 | Peon |
| 0:10 | Altar of Storms |
| 0:14 | Orc Burrow |
| 0:22 | Peon |
| 0:50 | Peon |
| 0:55 | Barracks |
| 1:05 | Peon |
| 1:05 | Peon |
| 1:34 | Orc Burrow |
| 1:41 | Peon |
| 1:46 | Voodoo Lounge |
| 1:56 | Grunt |
| 2:12 | Wind Walk |
| 2:21 | Grunt |
| 2:46 | Stronghold |
| 3:07 | Healing Salve |
| 3:18 | Grunt |
| 3:49 | Orc Burrow |
| 3:59 | Critical Strike |
| 4:02 | Grunt |
| 4:14 | War Mill |
| 4:41 | Grunt |
| 5:22 | Fortress |
| 5:59 | Spirit Lodge |
| 6:03 | Berserker Strength |
| 6:11 | Healing Salve |
| 6:24 | Orc Burrow |
| 6:50 | Hex |
| 7:24 | Grunt |
| 7:25 | Steel Armor |
| 7:26 | Troll Witch Doctor |
| 7:26 | Witch Doctor Adept Training |
| 7:43 | Grunt |
| 8:30 | Wind Walk |
| 8:51 | Grunt |
| 8:51 | Thorium Armor |
| 9:23 | Witch Doctor Master Training |
| 9:23 | Grunt |
| 9:24 | Grunt |
| 9:25 | Steel Melee Weapons |
| 9:43 | Healing Wave |
| 10:34 | Troll Witch Doctor |
| 10:35 | Grunt |
| 10:47 | Arcanite Armor |
| 10:50 | Troll Witch Doctor |
| 11:17 | Orc Burrow |
| 11:20 | Orc Burrow |
| 11:46 | Thorium Melee Weapons |
| 12:15 | Great Hall |
| 12:19 | Peon |
| 12:19 | Peon |
| 12:52 | Troll Witch Doctor |
| 13:34 | Watch Tower |
| Select group | 422 |
| Right click | 357 |
| Select | 163 |
| Build/train/purchase | 51 |
| Assign group | 28 |
| Use ability | 21 |
| Chat | 18 |
| Item give/drop | 3 |
| Misc. action | 2 |



| Orb of Corruption | 1 | 375 |
| Scroll of Town Portal | 4 | 1400 |
| Boots of Speed | 2 | 500 |
| total: | 7 | 2275g |
| Acolyte | 8 | 600 | / | 0 |
| Ghoul | 2 | 240 | / | 0 |
| Crypt Fiend | 9 | 1935 | / | 360 |
| Obsidian Statue | 2 | 400 | / | 70 |
| Frost Wyrm | 3 | 1155 | / | 360 |
| Goblin Shredder | 1 | 375 | / | 100 |
| total: | 25 | 4705g | / | 890w |
| Spirit Tower | 3 | 435 | / | 120 |
| Nerubian Tower | 1 | 100 | / | 20 |
| Crypt | 2 | 400 | / | 100 |
| Graveyard | 1 | 215 | / | 0 |
| Altar of Darkness | 1 | 180 | / | 50 |
| Ziggurat | 12 | 1800 | / | 600 |
| Tomb of Relics | 1 | 130 | / | 30 |
| Necropolis | 1 | 225 | / | 0 |
| Slaughterhouse | 1 | 140 | / | 135 |
| Boneyard | 2 | 350 | / | 400 |
| Halls of the Dead | 1 | 320 | / | 210 |
| Black Citadel | 1 | 325 | / | 230 |
| total: | 21 | 3440g | / | 1315w |
| 0:02 | Acolyte |
| 0:03 | Acolyte |
| 0:10 | Crypt |
| 0:33 | Graveyard |
| 0:51 | Altar of Darkness |
| 0:59 | Ziggurat |
| 1:15 | Ghoul |
| 1:29 | Ghoul |
| 1:43 | Ziggurat |
| 2:23 | Crypt Fiend |
| 2:50 | Crypt Fiend |
| 2:56 | Halls of the Dead |
| 3:02 | Carrion Beetles |
| 3:24 | Ziggurat |
| 3:32 | Crypt Fiend |
| 4:08 | Tomb of Relics |
| 4:32 | Crypt Fiend |
| 5:21 | Black Citadel |
| 5:34 | Impale |
| 5:42 | Ziggurat |
| 6:10 | Creature Attack |
| 6:29 | Goblin Shredder |
| 6:38 | Death Coil |
| 6:55 | Carrion Beetles |
| 7:39 | Slaughterhouse |
| 7:42 | Ziggurat |
| 7:46 | Boneyard |
| 7:47 | Boneyard |
| 8:30 | Unholy Aura |
| 9:32 | Obsidian Statue |
| 9:32 | Obsidian Statue |
| 9:48 | Impale |
| 10:34 | Freezing Breath |
| 10:45 | Orb of Corruption |
| 10:46 | Scroll of Town Portal |
| 10:53 | Frost Nova |
| 11:02 | Ziggurat |
| 11:05 | Ziggurat |
| 11:11 | Frost Wyrm |
| 12:11 | Acolyte |
| 12:33 | Frost Wyrm |
| 13:55 | Web |
| 13:56 | Burrow |
| 13:58 | Crypt Fiend |
| 14:28 | Unholy Aura |
| 14:36 | Acolyte |
| 14:36 | Acolyte |
| 14:36 | Acolyte |
| 14:36 | Acolyte |
| 14:41 | Improved Creature Attack |
| 15:21 | Frost Wyrm |
| 15:39 | Frost Armor |
| 16:18 | Crypt Fiend |
| 16:35 | Crypt Fiend |
| 17:03 | Spirit Tower |
| 17:05 | Nerubian Tower |
| 18:01 | Acolyte |
| 18:19 | Boots of Speed |
| 18:19 | Boots of Speed |
| 18:20 | Scroll of Town Portal |
| 18:27 | Scroll of Town Portal |
| 18:27 | Scroll of Town Portal |
| 18:55 | Advanced Creature Attack |
| 19:42 | Carrion Beetles |
| 20:17 | Death Coil |
| 20:31 | Frost Nova |
| 20:51 | Spirit Tower |
| 21:00 | Spirit Tower |
| 21:12 | Necropolis |
| 21:23 | Crypt Fiend |
| 21:24 | Crypt Fiend |
| 22:02 | Ziggurat |
| 22:03 | Ziggurat |
| 22:04 | Ziggurat |
| 22:05 | Ziggurat |
| 22:05 | Ziggurat |
| 22:32 | Creature Carapace |
| 23:55 | Crypt |
| Right click | 543 |
| Select | 288 |
| Select group | 121 |
| Build/train/purchase | 74 |
| Use ability | 40 |
| Assign group | 20 |
| Resource trade | 5 |
| Item give/drop | 4 |
| Minimap ping | 3 |
| Misc. action | 2 |
⇛